cohdb
Replays
Latest Replays
All Replays
Popular Replays
Top Player Replays
Match Explorer
How It Works
Community
CoH3 Stats
Reddit
Sign in to upload your games and track your stats! →
Sign in with Steam
Match 42974753
Unlisted
Match 42974753
Overview
Messages
Build Orders
End
Construct Section Command Post
Royal Engineer Section
Selects Air and Sea Battlegroup
Vickers Machine Gun Team
Infantry Section
Infantry Section
Grenade Package
Construct Platoon Command Post
Selects Commando Section Paradrop
Selects M1 Pack Howitzer Paradrop
M1 Pack Howitzer Paradrop
Humber Armored Car
Humber Armored Car
6-pounder Anti-tank Gun Team
CMP 15cwt Truck
Selects Supply Surplus
Selects UNKNOWN (223837)
Infantry Section
6-pounder Anti-tank Gun Team
Commando Section Paradrop
Unlock M3 Stuart Light Tanks
Selects Anti-tank Rocket Loiter
Anti-tank Rocket Loiter
M3 Stuart Light Tank
Skibana
Tok3n x Operator
BlindDeafOrphan
XSniper040
0
0
Comments
sign in to comment!
No comments posted yet!